 Dungeon Crawl Stone Soup version 0.30-a0-250-g41c1d76940 (webtiles) character file.

Game seed: 8116416730887342174

47 ytrimaz the Twirler (level 3, 0/28 HPs)
             Began as a Djinni Gladiator on Oct 12, 2022.
             Slain by Crazy Yiuf
             ... wielding a +4 quarterstaff of chaos
              (13 damage)
             ... on level 2 of the Dungeon.
             The game lasted 00:01:50 (1606 turns).

ytrimaz the Twirler (Djinni Gladiator)              Turns: 1606, Time: 00:01:51

Health: 0/28       AC:  4    Str: 13    XL:     3   Next: 97%
Gold:   28         EV: 16    Int: 11    God:
                   SH:  0    Dex: 14

rFire   + + .      SeeInvis .    a - +0 quarterstaff (vamp)
rCold   x . .      Faith    .    (shield currently unavailable)
rNeg    . . .      Spirit   .    b - +0 leather armour
rPois   ∞          Reflect  .    c - +0 helmet
rElec   .          Harm     .    (no cloak)
rCorr   .          Rampage  .    (no gloves)
Will    .....                    (boots unavailable)
Stlth   +.........               (no amulet)
HPRegen 0.24/turn                h - +4 ring of evasion
MPRegen 0.00/turn                (no ring)

@: flying
A: sickness immunity, fire resistance 2, cold vulnerability 1, float, innate
caster, HP casting, extra vitality 1
a: no special abilities


You were on level 2 of the Dungeon.
You visited 1 branch of the dungeon, and saw 2 of its levels.

You collected 82 gold pieces.
You spent 54 gold pieces at shops.


Innate Abilities, Weirdness & Mutations

You are immune to sickness and miasma.
You are immune to poison.
Your flesh is very heat resistant. (rF++)
You are vulnerable to cold. (rC-)
You float through the air rather than walking.
You learn spells naturally, not from books.
Your magical power is your life essence.
You have superior vitality. (+4 MHP)


   Skills:
 - Level 2.0 Fighting
 + Level 4.1 Staves
 - Level 1.5 Throwing
 - Level 3.2 Dodging


You had one spell level left.
You knew the following spells:

 Your Spells              Type           Power      Damage    Failure   Level
a - Foxfire               Conj/Fire      0%         2x1d4     41%         1
Your spell library was empty.

Inventory:

Hand Weapons
 a - a +0 vampiric quarterstaff (weapon)
Missiles
 d - 3 throwing nets (quivered)
 e - a javelin
Armour
 b - a +0 leather armour (worn)
 c - a +0 helmet (worn)
Jewellery
 h - a +4 ring of evasion (left hand)
   (You found it on level 2 of the Dungeon)
Scrolls
 f - a scroll of teleportation
 i - a scroll of enchant armour
 l - a scroll of magic mapping {unknown}
Potions
 g - 2 potions of might {unknown}
 j - a potion of brilliance
 k - a potion of magic {unknown}

Dungeon Overview and Level Annotations

Branches:
Dungeon (2/15) Zot: 10381

Altars:

Shops:
D:2 *

Annotations:
D:2 Crazy Yiuf

####.....#
#####.#.##
##........#
#.#...
#..####..<#
#.#### #.## #####
#####.## ##.#
#......# #..#
#......###
#.###♣♣ ###
#.........
#.....♣♣ ♣♣#).)#
#......###
#......♣♣♣♣@g)..#
#.........
##......♣.)♣#).)#
##########
##....♣.♣♣♣ ###
#..... ###♣♣♣♣♣
#.#### #.#
########### #.#
#.........###.#
#.........'...#
#.........#####


You could see Crazy Yiuf.


Message History

Found a scale mail.
Found an escape hatch in the ceiling.
The endoplasm quivers.
You hit the endoplasm.
The endoplasm hits you but does no damage.
Unknown command.
You sock the endoplasm!
You kill the endoplasm!
No target in view!
No target in view!
Unknown command.
You now have 18 gold pieces (gained 10).
Key pressed, stopping explore.
Unknown command.
Crazy Yiuf shouts!
You see here a +0 hammer.
You see here a +0 hammer.
Key pressed, stopping explore.
Key pressed, stopping explore.
No target in view!
Key pressed, stopping explore.
No target in view!
You see here a +0 leather armour.
Key pressed, stopping explore.
No target in view!
Key pressed, stopping explore.
No target in view!
Found a stone staircase leading up.
No target in view!
Key pressed, stopping explore.
No target in view!
A bat comes into view.
A bat is nearby!
A bat is nearby!
A bat is nearby!
The bat completely misses you. The bat misses you.
You hit the bat but do no damage. The bat barely misses you.
The bat closely misses you.
You sock the bat!
You kill the bat!
No target in view!
Unknown command.
You see here a bat corpse.
No target in view!
Unknown command.
A goblin comes into view. It is wielding a +0 club.
A goblin is nearby!
Unknown command.
A goblin is nearby!
A goblin is nearby!
The goblin misses you.
You hit the goblin. The goblin barely misses you.
Unknown command.
You closely miss the goblin. The goblin misses you.
The goblin hits you but does no damage.
You hit the goblin.
You kill the goblin!
No target in view!
Unknown command.
No target in view!
You see here a +0 club.
Key pressed, stopping explore.
Unknown command.
You now have 28 gold pieces (gained 10).
You see here a bat corpse.
Key pressed, stopping explore.
Key pressed, stopping explore.
Crazy Yiuf shouts!
You see here a +0 hammer.
Press: ? - help, v - describe, . - travel, g - get item
Here: Crazy Yiuf, wielding a +4 quarterstaff of chaos and wearing a +0 cloak (fire blocked by a runed translucent door) Item here: a hammer.
The floor.
You reach down and open the door.
You hit Crazy Yiuf.
Crazy Yiuf screams, "Spliff!
Cholesterol seventy unthinkable."
Crazy Yiuf hits you with a +4 quarterstaff of chaos! 😮 HP[-10]
You take 10 damage, and now have 18/28 hp.
MASSIVE DAMAGE!! (PAUSE)
You hit Crazy Yiuf.
You feel better. Crazy Yiuf closely misses you. 😕 HP[+4]
You regained 4 hp, and now have 22/28 hp.
You completely miss Crazy Yiuf.
Crazy Yiuf hits you with a +4 quarterstaff of chaos. 😮 HP[-3]
You take 3 damage, and now have 19/28 hp.
Unknown command.
You closely miss Crazy Yiuf.
Crazy Yiuf hits you with a +4 quarterstaff of chaos.
* * * LOW HITPOINT WARNING * * *
Crazy Yiuf burns you.
* * * LOW HITPOINT WARNING * * *
😨 HP[-7]
You take 7 damage, and now have 12/28 hp.
MASSIVE DAMAGE!! (PAUSE)
You barely miss Crazy Yiuf. Crazy Yiuf misses you.
Unknown command.
You barely miss Crazy Yiuf.
Crazy Yiuf hits you with a +4 quarterstaff of chaos!
You die...

Skill      XL: |  1  2  3 |
---------------+----------+-----
Staves         | 3 4 |  4.1
Fighting       | |  2.0
Throwing       | |  1.5
Dodging        | |  3.2

Action                   || total
-------------------------++-------
Melee: Quarterstaff      ||    94
  Use: Scroll            ||     7
Armor: Leather armour    ||    17
Dodge: Dodged            ||    57

Levels and vault maps discovered:
D:1:      dpeg_arrival_rooms_a, layout_basic, hellmonk_ecumenical_altar_run_dry,
          st_stairs_12
D:2:      layout_basic, serial_shops,
          nicolae_shop_temple_entry_statues_fountains, uniq_crazy_yiuf_cottage

Notes
Turn   | Place    | Note
-------+----------+-------------------------------------------
     0 | D:1      | ytrimaz the Djinni Gladiator began the quest for the Orb.
     0 | D:1      | Reached XP level 1. HP: 18/18 MP: 0/0
     0 | D:1      | magus.rc [v1.9.6]
   163 | D:1      | Reached skill level 3 in Staves
   193 | D:1      | Reached XP level 2. HP: 23/23 MP: 0/0
   834 | D:1      | Found a faded altar of an unknown god.
   923 | D:2      | Reached XP level 3. HP: 28/28 MP: 0/0
   923 | D:2      | Learned a level 1 spell: Foxfire
  1041 | D:2      | Reached skill level 4 in Staves
  1141 | D:2      | Found Gyk Cyeng's Assorted Antiques.
  1149 | D:2      | Bought a scroll labelled AJIEXO YFOWEV for 27 gold pieces
  1149 | D:2      | Bought a scroll labelled BOFREUMNYU for 27 gold pieces
  1357 | D:2      | Found a runed translucent door.
  1358 | D:2      | Noticed Crazy Yiuf
  1606 | D:2      | Slain by Crazy Yiuf

Vanquished Creatures
  An adder (D:2)
  A worm (D:2)
  4 bats
  5 endoplasms
  2 giant cockroaches
  3 goblins
  2 hobgoblins
  A quokka (D:1)
  6 ball pythons
  4 frilled lizards
  2 kobolds (D:1)
  4 rats
35 creatures vanquished.

Table legend:
 A = Non-vault XP
 B = Vault XP
 C = Vault XP percentage of total XP
 D = Non-vault monster count
 E = Vault monster count
 F = Vault count percentage of total count
                 A         B        C        D         E       F
            +---------+---------+-------+---------+---------+-------
      Total |      67 |       1 |   1.5 |      34 |       1 |   2.9
            +---------+---------+-------+---------+---------+-------
        D:1 |      26 |       1 |   3.7 |      18 |       1 |   5.3
        D:2 |      41 |       0 |   0.0 |      16 |       0 |   0.0
            +---------+---------+-------+---------+---------+-------

Illustrated notes

Table legend:
 A = Kills in this place as a percentage of kills in entire the game.
 B = Kills by you in this place as a percentage of kills by you in the entire game.
 C = Kills by friends in this place as a percentage of kills by friends in the entire game.
 D = Other kills in this place as a percentage of other kills in the entire game.
 E = Experience gained in this place as a percentage of experience gained in the entire game.
 F = Experience gained in this place divided by the number of levels of this place that you have seen.
                   A       B       C       D       E      F
               +-------+-------+-------+-------+-------+----------------------
         Total | 100.0 | 100.0 |   N/A |   N/A | 100.0 |  34.0
       Dungeon | 100.0 | 100.0 |   N/A |   N/A | 100.0 |  34.0
               +-------+-------+-------+-------+-------+----------------------

Table legend: (Time is in decaauts)
 A = Elapsed time spent in this place.
 B = Non-inter-level travel time spent in this place.
 C = Inter-level travel time spent in this place.
 D = Time resting spent in this place.
 E = Time spent auto-exploring this place.
 F = Levels seen in this place.
 G = Mean time per level.
                   A        B        C        D        E       F      G
               +--------+--------+--------+--------+--------+-----+--------+
         Total |   1617 |   1569 |     48 |      2 |   1291 |   2 |  808.5 |
       Dungeon |   1617 |   1569 |     48 |      2 |   1291 |   2 |  808.5 |
               +--------+--------+--------+--------+--------+-----+--------+

Top non-repeatable levels by time:
     D:1: 904 daAuts
     D:2: 713 daAuts
